| TOP OF THE 1ST |
|
Amarillo ThunderHeads batting - Pitching for Roswell Invaders : RHP Mamadou Morand
|
|
Pitching: RHP Mamadou Morand
|
|
|
Batting: LHB Carlos Guajardo
|
0-0: Ball 1-0: Ball 2-0: Foul Ball, location: 2F 2-1: DOUBLE (Flyball, 78XD, EV 105.6 MPH)
|
|
Batting: LHB Tony Cisneros
|
0-0: Called Strike 0-1: Ball 1-1: Ground out 4-3 (Groundball, 4S, EV 84.4 MPH) Carlos Guajardo to third
|
|
Batting: LHB Thie Hofmann
|
0-0: Foul Ball, location: 2F 0-1: Ball 1-1: Ball 2-1: Foul Ball, location: 2F 2-2: Strikes out looking
|
|
Batting: RHB Bill Flannery
|
0-0: Swinging Strike 0-1: SINGLE (Groundball, 6D, EV 108.1 MPH) Carlos Guajardo scores
|
|
Batting: LHB Bill Mahoney
|
0-0: Ball 1-0: Swinging Strike 1-1: Called Strike 1-2: Strikes out swinging
|
| Top of the 1st over - 1 run, 2 hits, 0 errors, 1 left on base; Amarillo 1 - Roswell 0 |
| BOTTOM OF THE 1ST |
|
Roswell Invaders batting - Pitching for Amarillo ThunderHeads : RHP Chris Marrone
|
|
Pitching: RHP Chris Marrone
|
|
|
Batting: LHB Marshall Rives
|
0-0: Ball 1-0: Ball 2-0: Swinging Strike 2-1: Ball 3-1: Foul Ball, location: 2F 3-2: Base on Balls
|
|
Batting: LHB Julio Zamora
|
0-0: Grounds into double play, 4-6-3 (Groundball, 4, EV 108.1 MPH)
|
|
Batting: RHB Juan Mejia
|
0-0: Ball 1-0: Foul Ball, location: 2F 1-1: Foul Ball, location: 2F 1-2: Ball 2-2: Foul Ball, location: 2F 2-2: SINGLE (Flyball, 7LS, EV 93.8 MPH)
|
|
Batting: LHB Ivan Cortez
|
0-0: Ball 1-0: Called Strike 1-1: Ball 2-1: Foul Ball, location: 2F 2-2: Foul Ball, location: 2F 2-2: Fly out, F8 (Flyball, 78D, EV 103.1 MPH)
|
| Bottom of the 1st over - 0 runs, 1 hit, 0 errors, 1 left on base; Amarillo 1 - Roswell 0 |
| TOP OF THE 2ND |
|
Amarillo ThunderHeads batting - Pitching for Roswell Invaders : RHP Mamadou Morand
|
|
Batting: RHB Eddie Vanderjagt
|
0-0: Fly out, F4 (Popup, 4M, EV 57.5 MPH)
|
|
Batting: RHB Jorge Balderama
|
0-0: Ground out 5-3 (Groundball, 56S, EV 82.5 MPH)
|
|
Batting: RHB Zhong See-to
|
0-0: Called Strike 0-1: Swinging Strike 0-2: Ball 1-2: Ball 2-2: Strikes out swinging
|
| Top of the 2nd over - 0 runs, 0 hits, 0 errors, 0 left on base; Amarillo 1 - Roswell 0 |
| BOTTOM OF THE 2ND |
|
Roswell Invaders batting - Pitching for Amarillo ThunderHeads : RHP Chris Marrone
|
|
Batting: RHB Benjie Alejandro
|
0-0: Ball 1-0: Foul Ball, location: 2F 1-1: Foul Ball, location: 2F 1-2: Ball 2-2: Strikes out swinging
|
|
Batting: LHB Andy Fischer
|
0-0: Ball 1-0: Ball 2-0: Foul Ball, location: 2F 2-1: Ball 3-1: Ground out 6-3 (Groundball, 4M, EV 103.1 MPH)
|
|
Batting: RHB Dan Long
|
0-0: Ball 1-0: Ball 2-0: Ball 3-0: Base on Balls
|
|
Batting: SHB Sandy Burke
|
0-0: Called Strike 0-1: Ball 1-1: DOUBLE (Line Drive, 9LD, EV 106.9 MPH) Dan Long to third
|
|
Batting: RHB Shinichi Miyamoto
|
0-0: Ball 1-0: Called Strike 1-1: Ball 2-1: Ball 3-1: Base on Balls
|
|
Batting: LHB Marshall Rives
|
0-0: Ball 1-0: Called Strike 1-1: Swinging Strike 1-2: Foul Ball, location: 2F 1-2: Strikes out swinging
|
| Bottom of the 2nd over - 0 runs, 1 hit, 0 errors, 3 left on base; Amarillo 1 - Roswell 0 |
| TOP OF THE 3RD |
|
Amarillo ThunderHeads batting - Pitching for Roswell Invaders : RHP Mamadou Morand
|
|
Batting: RHB Adrian Quilantan
|
0-0: Called Strike 0-1: Called Strike 0-2: SOLO HOME RUN (Flyball, 9D, EV 101.9 MPH), Distance : 399 ft
|
|
Batting: LHB Carlos Guajardo
|
0-0: Called Strike 0-1: Ball 1-1: Foul Ball, location: 2F 1-2: Foul Ball, location: 2F 1-2: Foul Ball, location: 2F 1-2: Fly out, F8 (Line Drive, 8LD, EV 103.1 MPH)
|
|
Batting: LHB Tony Cisneros
|
0-0: Called Strike 0-1: Ball 1-1: Swinging Strike 1-2: Strikes out swinging
|
|
Batting: LHB Thie Hofmann
|
0-0: Foul Ball, location: 2F 0-1: Swinging Strike 0-2: Strikes out swinging
|
| Top of the 3rd over - 1 run, 1 hit, 0 errors, 0 left on base; Amarillo 2 - Roswell 0 |
| BOTTOM OF THE 3RD |
|
Roswell Invaders batting - Pitching for Amarillo ThunderHeads : RHP Chris Marrone
|
|
Batting: LHB Julio Zamora
|
0-0: Ball 1-0: Ball 2-0: Ball 3-0: Base on Balls
|
|
Batting: RHB Juan Mejia
|
0-0: Foul Ball, location: 2F 0-1: Foul Ball, location: 2F 0-2: Strikes out swinging
|
|
Batting: LHB Ivan Cortez
|
0-0: Foul Ball, location: 2F 0-1: Ball 1-1: Ball 2-1: Foul Ball, location: 2F 2-2: Foul Ball, location: 2F 2-2: Foul Ball, location: 2F 2-2: Foul Ball, location: 2F 2-2: Ball 3-2: Base on Balls Julio Zamora to second
|
|
Batting: RHB Benjie Alejandro
|
0-0: Foul Ball, location: 2F 0-1: Foul Ball, location: 2F 0-2: Ball Pickoff Throw to Second - Error! E1 Julio Zamora to third Ivan Cortez to second 1-2: Ball 2-2: Ball 3-2: Strikes out swinging
|
|
Batting: LHB Andy Fischer
|
0-0: Ball 1-0: Ball 2-0: Called Strike 2-1: Fly out, F8 (Line Drive, 8RM, EV 108.8 MPH)
|
| Bottom of the 3rd over - 0 runs, 0 hits, 1 error, 2 left on base; Amarillo 2 - Roswell 0 |
| TOP OF THE 4TH |
|
Amarillo ThunderHeads batting - Pitching for Roswell Invaders : RHP Mamadou Morand
|
|
Batting: RHB Bill Flannery
|
0-0: Swinging Strike 0-1: Foul Ball, location: 2F 0-2: Ball 1-2: Ball 2-2: Ball 3-2: Foul Ball, location: 2F 3-2: Ground out U3 (Groundball, 34S, EV 85.6 MPH)
|
|
Batting: LHB Bill Mahoney
|
0-0: Ball 1-0: Foul Ball, location: 2F 1-1: Ball 2-1: SINGLE (Line Drive, 7S, EV 93.8 MPH)
|
|
Batting: RHB Eddie Vanderjagt
|
0-0: Fly out, F9 (Flyball, 9S, EV 82.5 MPH)
|
|
Batting: RHB Jorge Balderama
|
0-0: Ball 1-0: Called Strike 1-1: Foul Ball, location: 2F 1-2: Ball 2-2: Foul Ball, location: 2F 2-2: Foul Ball, location: 2F 2-2: Strikes out looking
|
| Top of the 4th over - 0 runs, 1 hit, 0 errors, 1 left on base; Amarillo 2 - Roswell 0 |
| BOTTOM OF THE 4TH |
|
Roswell Invaders batting - Pitching for Amarillo ThunderHeads : RHP Chris Marrone
|
|
Batting: RHB Dan Long
|
0-0: Foul Ball, location: 2F 0-1: SOLO HOME RUN (Flyball, 78XD, EV 103.8 MPH), Distance : 404 ft
|
|
Batting: SHB Sandy Burke
|
0-0: Ball 1-0: Foul Ball, location: 2F 1-1: Ball 2-1: Foul Ball, location: 2F 2-2: Ball 3-2: Foul Ball, location: 2F 3-2: SINGLE (Line Drive, 7S, EV 111.2 MPH)
|
|
Pitching: LHP Eric Inglis
|
|
|
Batting: RHB Shinichi Miyamoto
|
0-0: Ball 1-0: Swinging Strike 1-1: Foul Ball, location: 2F 1-2: Ball 2-2: Strikes out swinging
|
|
Batting: LHB Marshall Rives
|
0-0: Swinging Strike 0-1: Ball 1-1: Called Strike 1-2: Ball 2-2: Strikes out swinging
|
|
Batting: LHB Julio Zamora
|
0-0: Called Strike 0-1: Ball 1-1: Ball 2-1: Foul Ball, location: 2F 2-2: Foul Ball, location: 2F 2-2: Ball 3-2: Strikes out swinging
|
| Bottom of the 4th over - 1 run, 2 hits, 0 errors, 1 left on base; Amarillo 2 - Roswell 1 |
| TOP OF THE 5TH |
|
Amarillo ThunderHeads batting - Pitching for Roswell Invaders : RHP Mamadou Morand
|
|
Batting: RHB Zhong See-to
|
0-0: Ball 1-0: TRIPLE (Flyball, 78XD, EV 91.9 MPH)
|
|
Batting: RHB Adrian Quilantan
|
0-0: Ball 1-0: Fly out, F8 (Line Drive, 8RD, EV 90.6 MPH) Runner from 3rd tags up, SCORES, throw by CF
|
|
Batting: LHB Carlos Guajardo
|
0-0: Ball 1-0: Foul Ball, location: 2F 1-1: Foul Ball, location: 2F 1-2: Foul Ball, location: 2F 1-2: Foul Ball, location: 2F 1-2: Foul Ball, location: 2F 1-2: Ball 2-2: Foul Ball, location: 2F 2-2: Ball 3-2: SINGLE (Line Drive, 89S, EV 91.9 MPH)
|
|
Batting: LHB Tony Cisneros
|
0-0: Ball 1-0: Fielders Choice at 2nd, 3-6 (Groundball, 3, EV 85.6 MPH)
|
|
Batting: LHB Thie Hofmann
|
0-0: Ground out 4-3 (Groundball, 4, EV 86.2 MPH)
|
| Top of the 5th over - 1 run, 2 hits, 0 errors, 1 left on base; Amarillo 3 - Roswell 1 |
| BOTTOM OF THE 5TH |
|
Roswell Invaders batting - Pitching for Amarillo ThunderHeads : LHP Eric Inglis
|
|
Batting: RHB Juan Mejia
|
0-0: Foul Ball, location: 2F 0-1: Foul Ball, location: 2F 0-2: Ball 1-2: Ball 2-2: Ball 3-2: Fly out, F9 (Flyball, 89D, EV 96.9 MPH)
|
|
Batting: LHB Ivan Cortez
|
0-0: Foul Ball, location: 2F 0-1: Ball 1-1: SOLO HOME RUN (Flyball, 9D, EV 95.0 MPH), Distance : 378 ft
|
|
Batting: RHB Benjie Alejandro
|
0-0: Ball 1-0: Ground out 6-3 (Groundball, 6M, EV 90.0 MPH)
|
|
Pinch Hitting: RHB Ray Bieber
|
0-0: Ball 1-0: Called Strike 1-1: Foul Ball, location: 2F 1-2: Ball 2-2: Strikes out looking
|
| Bottom of the 5th over - 1 run, 1 hit, 0 errors, 0 left on base; Amarillo 3 - Roswell 2 |
| TOP OF THE 6TH |
|
Amarillo ThunderHeads batting - Pitching for Roswell Invaders : RHP Mamadou Morand
|
|
Now in LF: Ray Bieber
|
|
|
Batting: RHB Bill Flannery
|
0-0: SINGLE (Groundball, 56D, EV 111.2 MPH)
|
|
Batting: LHB Bill Mahoney
|
0-0: Ball 1-0: Called Strike 1-1: Ball 2-1: Foul Ball, location: 2F 2-2: Ball 3-2: Strikes out swinging
|
|
Batting: RHB Eddie Vanderjagt
|
0-0: Called Strike 0-1: SINGLE (Line Drive, 89S, EV 105.6 MPH) Bill Flannery to second
|
|
Batting: RHB Jorge Balderama
|
0-0: Foul Ball, location: 2F 0-1: SINGLE (Flyball, 89S, EV 81.2 MPH) Bill Flannery to third Eddie Vanderjagt to second
|
|
Batting: RHB Zhong See-to
|
0-0: Reached on error, E6 (Groundball, 6, EV 86.9 MPH) Bill Flannery scores Eddie Vanderjagt to third Jorge Balderama to second
|
|
Batting: RHB Adrian Quilantan
|
0-0: Foul Ball, location: 2F 0-1: Ball 1-1: Called Strike 1-2: Fly out, F8 (Flyball, 78M, EV 80.0 MPH) Runner from 3rd tags up, OUT at HOME! 8-2
|
| Top of the 6th over - 1 run, 3 hits, 1 error, 2 left on base; Amarillo 4 - Roswell 2 |
| BOTTOM OF THE 6TH |
|
Roswell Invaders batting - Pitching for Amarillo ThunderHeads : LHP Eric Inglis
|
|
Batting: RHB Dan Long
|
0-0: Reached on error, E5 (Groundball, 56S, EV 87.5 MPH)
|
|
Batting: SHB Sandy Burke
|
0-0: Ball 1-0: Called Strike 1-1: Foul Ball, location: 2F 1-2: Strikes out swinging
|
|
Batting: RHB Shinichi Miyamoto
|
0-0: Ball 1-0: Ball 2-0: Foul Ball, location: 2F 2-1: Ball 3-1: Foul Ball, location: 2F 3-2: Fielders Choice at 2nd, 5-4 (Groundball, 5L, EV 78.1 MPH)
|
|
Pinch Hitting: RHB Jason Hanson
|
0-0: Called Strike 0-1: Ball 1-1: Foul Ball, location: 2F 1-2: Ball 2-2: Foul Ball, location: 2F 2-2: Ball 3-2: Foul Ball, location: 2F 3-2: Reached on error, E6 (Groundball, 6, EV 84.4 MPH) Shinichi Miyamoto to second
|
|
Pitching: RHP Javier Chavez
|
|
|
Batting: LHB Julio Zamora
|
0-0: Ball 1-0: Ball 2-0: Called Strike 2-1: SINGLE (Groundball, 6D, EV 107.5 MPH) Shinichi Miyamoto to third Jason Hanson to second Runner from 3rd tries for Home, SAFE, throw by LF to home
|
|
Batting: RHB Juan Mejia
|
0-0: Called Strike 0-1: Ball 1-1: Called Strike 1-2: Strikes out looking
|
| Bottom of the 6th over - 1 run, 1 hit, 2 errors, 2 left on base; Amarillo 4 - Roswell 3 |
| TOP OF THE 7TH |
|
Amarillo ThunderHeads batting - Pitching for Roswell Invaders : RHP Mamadou Morand
|
|
Now at 1B: Jason Hanson
|
|
|
Now in RF: Julio Zamora
|
|
|
Batting: LHB Carlos Guajardo
|
0-0: Ball 1-0: Swinging Strike 1-1: Foul Ball, location: 2F 1-2: Ball 2-2: Strikes out swinging
|
|
Batting: LHB Tony Cisneros
|
0-0: Called Strike 0-1: Swinging Strike 0-2: Foul Ball, location: 2F 0-2: DOUBLE (Groundball, 3L, EV 95.0 MPH)
|
|
Batting: LHB Thie Hofmann
|
0-0: Ball 1-0: Swinging Strike 1-1: Swinging Strike 1-2: Ball 2-2: Ball 3-2: Base on Balls
|
|
Pitching: RHP Eddie Georges
|
|
|
Batting: RHB Bill Flannery
|
0-0: Swinging Strike 0-1: Ball 1-1: Fly out, F9 (Line Drive, 9, EV 93.8 MPH)
|
|
Batting: LHB Bill Mahoney
|
0-0: Swinging Strike 0-1: Ball 1-1: Ball 2-1: Ground out U3 (Groundball, 3, EV 90.6 MPH)
|
| Top of the 7th over - 0 runs, 1 hit, 0 errors, 2 left on base; Amarillo 4 - Roswell 3 |
| BOTTOM OF THE 7TH |
|
Roswell Invaders batting - Pitching for Amarillo ThunderHeads : RHP Javier Chavez
|
|
Pitching: LHP Ruben Lopez
|
|
|
Now in RF: Mike Gruszewski
|
|
|
Batting: LHB Ivan Cortez
|
0-0: Ball 1-0: Foul Ball, location: 2F 1-1: Ball 2-1: Ball 3-1: Foul Ball, location: 2F 3-2: SOLO HOME RUN (Flyball, 9D, EV 109.4 MPH), Distance : 401 ft
|
|
Pitching: RHP Trent Murdock
|
|
|
Batting: RHB Benjie Alejandro
|
0-0: Called Strike 0-1: Foul Ball, location: 2F 0-2: Foul Ball, location: 2F 0-2: Ball 1-2: Strikes out swinging
|
|
Pinch Hitting: LHB Nick Walker
|
0-0: Ball 1-0: Ball 2-0: Fly out, F9 (Flyball, 9, EV 85.0 MPH)
|
|
Batting: RHB Danny Valentin
|
0-0: Ball 1-0: Fly out, F9 (Line Drive, 8RM, EV 107.5 MPH)
|
| Bottom of the 7th over - 1 run, 1 hit, 0 errors, 0 left on base; Amarillo 4 - Roswell 4 |
| TOP OF THE 8TH |
|
Amarillo ThunderHeads batting - Pitching for Roswell Invaders : RHP Eddie Georges
|
|
Now in LF: Josh Snyder
|
|
|
Pinch Hitting: RHB Eric Camillo
|
0-0: Foul Ball, location: 2F 0-1: Foul Ball, location: 2F 0-2: Ball 1-2: Ball 2-2: Ball 3-2: Hit by Pitch
|
|
Pinch Hitting: SHB Jose Ramirez
|
0-0: Ball 1-0: Sac Bunt to 13S - play at first, batter OUT! 1-4 Eric Camillo to second
|
|
Batting: RHB Zhong See-to
|
0-0: Called Strike 0-1: Ball 1-1: Called Strike 1-2: Ball 2-2: Ground out 5-3 (Groundball, 56, EV 98.8 MPH)
|
|
Batting: RHB Adrian Quilantan
|
0-0: Foul Ball, location: 2F 0-1: Swinging Strike 0-2: Ball 1-2: Strikes out swinging
|
| Top of the 8th over - 0 runs, 0 hits, 0 errors, 1 left on base; Amarillo 4 - Roswell 4 |
| BOTTOM OF THE 8TH |
|
Roswell Invaders batting - Pitching for Amarillo ThunderHeads : RHP Trent Murdock
|
|
Now at 3B: Bill Flannery
|
|
|
Now at SS: Shi-fu Cuan
|
|
|
Now in LF: Jose Ramirez
|
|
|
Batting: SHB Sandy Burke
|
0-0: Ground out 4-3 (Groundball, 4, EV 92.5 MPH)
|
|
Batting: RHB Shinichi Miyamoto
|
0-0: Foul Ball, location: 2F 0-1: Ball 1-1: Ball 2-1: Foul Ball, location: 2F 2-2: Strikes out looking
|
|
Pinch Hitting: LHB Andrew Moore
|
0-0: Ball 1-0: Ground out 4-3 (Groundball, 4, EV 96.2 MPH)
|
| Bottom of the 8th over - 0 runs, 0 hits, 0 errors, 0 left on base; Amarillo 4 - Roswell 4 |
| TOP OF THE 9TH |
|
Amarillo ThunderHeads batting - Pitching for Roswell Invaders : RHP Eddie Georges
|
|
Now at 1B: T.J. House
|
|
|
Batting: LHB Carlos Guajardo
|
0-0: Ball 1-0: Ball 2-0: Ball 3-0: Called Strike 3-1: Base on Balls
|
|
Batting: LHB Tony Cisneros
|
0-0: Ball Carlos Guajardo steals 2nd base 1-0: Foul Ball, location: 2F 1-1: Fly out, F6 (Popup, 56, EV 60.6 MPH)
|
|
Batting: LHB Thie Hofmann
|
0-0: Swinging Strike 0-1: Ball 1-1: Called Strike Carlos Guajardo is caught stealing 3rd base 2-5 1-2: Ground out 5-3 (Groundball, 56, EV 85.0 MPH)
|
| Top of the 9th over - 0 runs, 0 hits, 0 errors, 0 left on base; Amarillo 4 - Roswell 4 |
| BOTTOM OF THE 9TH |
|
Roswell Invaders batting - Pitching for Amarillo ThunderHeads : RHP Trent Murdock
|
|
Pinch Hitting: RHB Hidemitsu Matsuno
|
0-0: SINGLE (Line Drive, 7S, EV 93.1 MPH)
|
|
Batting: RHB Juan Mejia
|
0-0: Ball 1-0: Ball 2-0: Called Strike 2-1: Foul Ball, location: 2F 2-2: Ball 3-2: Foul Ball, location: 2F 3-2: Foul Ball, location: 2F 3-2: DOUBLE (Line Drive, 5D, EV 111.2 MPH) Hidemitsu Matsuno to third
|
|
Batting: LHB Ivan Cortez
|
0-0: Intentional Walk
|
|
Batting: RHB Benjie Alejandro
|
0-0: Called Strike 0-1: Swinging Strike 0-2: SINGLE (Groundball, 56D, EV 96.9 MPH) Hidemitsu Matsuno scores
|
| Bottom of the 9th over - 1 run, 3 hits, 0 errors, 2 left on base; Amarillo 4 - Roswell 5 |
|